 Dungeon Crawl Stone Soup version 0.17.1-3-g152610e (webtiles) character file.

5696 inmateoo the Spear-Bearer (level 10, -2/91 HPs)
             Began as a Minotaur Arcane Marksman on Apr 27, 2016.
             Was a Believer of Yredelemnul.
             Slain by a hill giant
             ... wielding a +0 giant club
              (29 damage)
             ... on level 10 of the Dungeon.
             The game lasted 00:16:00 (9167 turns).

inmateoo the Spear-Bearer (MiAM)                    Turns: 9167, Time: 00:16:00

Health: -2/91      AC: 13    Str: 17    XL:     10   Next: 47%
Magic:  10/10      EV: 15    Int: 10    God:    Yredelemnul [**....]
Gold:   502        SH:  0    Dex: 16    Spells: 4 memorised, 3 levels left

rFire  + . .     SeeInvis .     B - +3 battleaxe
rCold  + + +     Clarity  .     Q - +1 scale mail "Itueva" {rElec rC+++ Str-3 Dex+3}
rNeg   . . .     SustAt   .     (shield currently unavailable)
rPois  +         Gourm    .     (helmet restricted)
rElec  +         Spirit   .     (no cloak)
rCorr  .         Warding  .     M - +2 pair of gloves
rMut   .         Stasis   .     F - +0 pair of boots
MR     .....                    u - amulet of rage
Stlth  ..........               w - +2 ring of strength
                                P - +1 ring of protection

@: not resistant to hostile enchantments, extremely unstealthy
A: retaliatory headbutt, horns 2, agile 1, fire resistance 1, poison resistance,
evolution 1
a: Animate Remains, Recall Undead Slaves, Injury Mirror, Renounce Religion,
Evoke Berserk Rage


You were on level 10 of the Dungeon.
You worshipped Yredelemnul.
Yredelemnul was pleased with you.
You were very hungry.

You visited 2 branches of the dungeon, and saw 11 of its levels.

You collected 706 gold pieces.
You spent 204 gold pieces at shops.

Inventory:

Hand Weapons
 p - a +0 spear
 B - a +3 battleaxe (weapon)
Missiles
 c - 5 javelins
 h - 2 throwing nets
 m - 8 steel javelins (quivered)
Armour
 F - a +0 pair of boots (worn)
 M - a +2 pair of gloves (worn)
 Q - the +1 scale mail "Itueva" (worn) {rElec rC+++ Str-3 Dex+3}
   (You found it on level 9 of the Dungeon)

   It affects your strength (-3).
   It affects your dexterity (+3).
   It renders you almost immune to cold.
   It insulates you from electricity.
Jewellery
 u - an amulet of rage (around neck)
 w - a +2 ring of strength (right hand)
 y - an uncursed ring of protection from cold
 P - a +1 ring of protection (left hand)
 S - an uncursed ring of ice
Wands
 H - a wand of hasting (4)
 I - a wand of draining (10)
 T - a wand of slowing (25)
 W - a wand of teleportation (5)
Scrolls
 i - 2 scrolls of enchant armour
 n - 2 scrolls of recharging
 q - a scroll of teleportation
 t - 2 scrolls of enchant weapon
 x - 7 scrolls of remove curse
 A - a scroll of magic mapping
 C - a scroll of fog
Potions
 d - a potion of mutation
 f - 2 potions of magic
 g - 3 potions of brilliance
 j - 3 potions of degeneration {unknown}
 o - a potion of poison {unknown}
 r - a potion of haste {unknown}
 s - 4 potions of flight
 z - 3 potions of berserk rage
 D - a potion of ambrosia {unknown}
 E - 2 potions of might
 G - a potion of cancellation
 U - a potion of curing
Books
 b - a book of Debilitation

   Spells                             Type                      Level
   a - Corona                         Hexes                        1
   b - Slow                           Hexes                        2
   c - Gell's Gravitas                Hexes/Translocation          3
   d - Inner Flame                    Hexes/Fire                   3
   e - Cause Fear                     Hexes                        4
   f - Leda's Liquefaction            Hexes/Earth                  4
 k - a book of Necromancy

   Spells                             Type                      Level
   a - Pain                           Necromancy                   1
   b - Animate Skeleton               Necromancy                   1
   c - Vampiric Draining              Necromancy                   3
   d - Regeneration                   Charms/Necromancy            3
   e - Animate Dead                   Necromancy                   4
   f - Control Undead                 Necromancy                   4
 O - a book of Battle

   Spells                             Type                      Level
   a - Infusion                       Charms                       1
   b - Shroud of Golubria             Charms/Translocation         2
   c - Song of Slaying                Charms                       2
   d - Spectral Weapon                Hexes/Charms                 3
   e - Regeneration                   Charms/Necromancy            3
Comestibles
 a - 6 slices of pizza
 e - 10 bread rations
 J - 2 beef jerkies
 K - 12 royal jellies
 N - 4 meat rations
 R - 3 fruits


   Skills:
 + Level 9.5 Fighting
 * Level 11.6 Polearms
 - Level 2.0 Throwing
 - Level 5.0 Armour
 + Level 9.2 Dodging
 - Level 1.0 Spellcasting
 - Level 2.0 Hexes


You had 3 spell levels left.
You knew the following spells:

 Your Spells              Type           Power        Failure   Level  Hunger
a - Corona                Hex            #......      54%         1    ##.....
b - Shroud of Golubria    Chrm/Tloc      #.........   99%         2    ###....
c - Song of Slaying       Chrm           #.......     99%         2    ###....
d - Regeneration          Chrm/Necr      #.........   100%        3    ####...


Dungeon Overview and Level Annotations

Branches:
Dungeon (10/15)            Temple (1/1) D:6
   Lair: D:8-11         Orc: D:9-12

Altars:
Ashenzari
Cheibriados
Fedhas
Gozag
Kikubaaqudgha
Nemelex Xobeh
Qazlal
Ru
Sif Muna
Xom
Yredelemnul

Shops:
D:4 [   D:5 =}

Annotations:
D:9 Prince Ribbit


Innate Abilities, Weirdness & Mutations

You reflexively headbutt those who attack you in melee.
You have a pair of horns on your head.
You are agile. (Dex +2)
Your flesh is heat resistant.
Your system is resistant to poisons.
You evolve.


Message History

You barely miss the hill giant.
The hill giant is severely wounded.
The hill giant barely misses you. You furiously retaliate!
You headbutt the hill giant! You hit the hill giant.
The hill giant is almost dead.
The hill giant hits you with a giant club!
The hill giant hits you with a giant club!!
* * * LOW HITPOINT WARNING * * *
You hit the hill giant but do no damage.
You headbutt the hill giant, but do no damage.
The hill giant is severely wounded.
The hill giant misses you. You furiously retaliate!
You headbutt the hill giant. You hit the hill giant.
You headbutt the hill giant.
You kill the hill giant!
Yredelemnul accepts your kill.
The hill giant hits you with a giant club!!
You die...
Your body rises from the dead as a mindless zombie.

#............# #..######.....
#............# #..##.........
#............###.............
#####C.......+...............
#........# #...........#
#........####.........#.#
#........##.#.#####..>..#
#.#########.#.#..........
#....a.C@...#.#.#########
###########.#.#.# #......#.#
#.##.###.# #.#......#
#.#.#.#### #.#......#
#.###.##.######### #.#
#....#<.......


You could see a hill giant and a worker ant.

Vanquished Creatures
  Erolcha (D:9)
  A hill giant (D:10)
  Pikel (D:5)
  A wyvern (D:8)
  A hippogriff (D:8)
  A trapdoor spider (D:10)
  2 sky beasts
  A black bear (D:8)
  A necrophage (D:10)
  3 ogres
  3 centaurs
  A big kobold (D:9)
  6 giant frogs
  4 scorpions
  9 killer bees
  11 wights
  4 hounds
  3 quasits
  2 orc wizards
  5 crimson imps
  A gnoll shaman (D:6)
  4 jellies
  2 orc priests (D:9)
  A giant frog zombie (D:9)
  2 giant frog skeletons
  A centaur skeleton (D:9)
  5 iguanas
  A killer bee zombie (D:8)
  2 worker ants
  2 hound skeletons
  A hound zombie (D:8)
  A worker ant zombie (D:9)
  11 adders
  5 gnolls (D:6)
  5 oozes (D:8)
  An adder zombie (D:6)
  2 adder skeletons
  2 worms (D:2)
  6 giant geckos
  9 orcs
  2 ball pythons (D:3)
  9 bats
  6 giant cockroaches
  11 goblins
  10 hobgoblins
  12 jackals
  15 kobolds
  7 quokkas
  A ball python skeleton (D:4)
  A giant cockroach zombie (D:6)
  6 giant newts
  A jackal skeleton (D:4)
  4 rats
210 creatures vanquished.

Vanquished Creatures (others)
  Sigmund (D:6)
  A slave (D:6)
  Blork the orc (D:6)
  2 crimson imps (D:6)
5 creatures vanquished.

Grand Total: 215 creatures vanquished

Notes
Turn   | Place    | Note
--------------------------------------------------------------
     0 | D:1      | inmateoo the Minotaur Arcane Marksman began the quest for the Orb.
     0 | D:1      | Reached XP level 1. HP: 16/16 MP: 1/1
   428 | D:1      | Reached XP level 2. HP: 19/24 MP: 2/2
   466 | D:1      | Reached skill level 1 in Armour
   846 | D:2      | Reached XP level 3. HP: 26/29 MP: 3/3
   979 | D:2      | Reached skill level 3 in Dodging
  1389 | D:2      | Reached XP level 4. HP: 24/37 MP: 4/4
  1731 | D:2      | Found a shimmering altar of Xom.
  2608 | D:3      | Found an ancient bone altar of Kikubaaqudgha.
  2615 | D:3      | Found a deep blue altar of Sif Muna.
  2616 | D:3      | Found a stormy altar of Qazlal.
  2620 | D:3      | Found a sparkling altar of Nemelex Xobeh.
  2785 | D:4      | Noticed a phantom
  3299 | D:3      | Reached XP level 5. HP: 30/45 MP: 5/5
  3801 | D:4      | Reached skill level 4 in Dodging
  3844 | D:4      | Noticed an ogre
  3855 | D:4      | Killed an ogre
  3855 | D:4      | Reached XP level 6. HP: 52/52 MP: 6/6
  3916 | D:4      | Found Xunan's Antique Armour Emporium.
  3926 | D:4      | Bought a shiny scale mail for 96 gold pieces
  3983 | D:5      | Entered Level 5 of the Dungeon
  4948 | D:5      | Found Kezin's Gadget Emporium.
  5057 | D:5      | Found Nasut's Jewellery Boutique.
  5068 | D:5      | Reached skill level 5 in Fighting
  5068 | D:5      | Reached skill level 1 in Polearms
  5068 | D:5      | Reached skill level 5 in Armour
  5102 | D:5      | Reached XP level 7. HP: 56/61 MP: 7/7
  5317 | D:6      | Noticed Pikel
  5335 | D:5      | Killed Pikel
  5335 | D:5      | Reached skill level 5 in Dodging
  5343 | D:6      | Noticed Sigmund
  5345 | D:6      | Noticed Blork the orc
  5359 | D:6      | Reached skill level 6 in Fighting
  5359 | D:6      | Reached XP level 8. HP: 42/70 MP: 8/8
  5397 | D:6      | Killed Blork the orc
  5397 | D:6      | Killed Sigmund
  5512 | D:6      | Found a staircase to the Ecumenical Temple.
  5535 | Temple   | Entered the Ecumenical Temple
  5569 | Temple   | Became a worshipper of Yredelemnul the Dark
  5612 | D:6      | Reached skill level 5 in Polearms
  6346 | D:4      | Bought a pair of boots for 108 gold pieces
  6509 | D:7      | Reached skill level 7 in Polearms
  7005 | D:7      | Found a stormy altar of Qazlal.
  7071 | D:7      | Reached XP level 9. HP: 38/79 MP: 9/9
  7396 | D:8      | Reached skill level 8 in Polearms
  7572 | D:8      | Found a shattered altar of Ashenzari.
  7653 | D:8      | Reached skill level 9 in Polearms
  7786 | D:8      | Reached * piety under Yredelemnul
  8080 | D:9      | Noticed Erolcha
  8128 | D:9      | Reached skill level 10 in Polearms
  8132 | D:9      | Gained mutation: Your flesh is heat resistant. [mutagenic meat]
  8133 | D:9      | Gained mutation: You evolve. [mutagenic meat]
  8134 | D:9      | Gained mutation: You are agile. (Dex +2) [mutagenic meat]
  8135 | D:9      | Gained mutation: Your system is resistant to poisons. [mutagenic meat]
  8143 | D:9      | Learned a level 2 spell: Shroud of Golubria
  8146 | D:9      | Learned a level 2 spell: Song of Slaying
  8150 | D:9      | Learned a level 3 spell: Regeneration
  8197 | D:9      | Killed Erolcha
  8197 | D:9      | Reached XP level 10. HP: 71/90 MP: 10/10
  8346 | D:9      | Got a scorched scale mail
  8357 | D:9      | Identified the cursed +1 scale mail "Itueva" {rElec rC+++ Str-3 Dex+3} (You found it on level 9 of the Dungeon)
  8459 | D:9      | Found an opulent altar of Gozag.
  8539 | D:9      | Found a snail-covered altar of Cheibriados.
  8542 | D:9      | Reached ** piety under Yredelemnul
  8599 | D:9      | Reached skill level 11 in Polearms
  8883 | D:9      | Noticed Prince Ribbit
  8924 | D:10     | Entered Level 10 of the Dungeon
  9109 | D:10     | Noticed a hill giant
  9120 | D:10     | Noticed a hill giant
  9167 | D:10     | Killed a hill giant
  9167 | D:10     | Slain by a hill giant

Action                   |  1- 3 |  4- 6 |  7- 9 | 10-12 || total
-------------------------+-------+-------+-------+-------++-------
Melee: Unarmed           |    16 |       |       |       ||    16
       Club              |     5 |       |       |       ||     5
       Whip              |    78 |   207 |       |       ||   285
       Hand axe          |       |    16 |    68 |       ||    84
       Spear             |       |     2 |       |       ||     2
       Battleaxe         |       |       |   151 |    98 ||   249
Throw: Javelin           |       |     7 |       |       ||     7
       Throwing net      |       |     3 |       |       ||     3
 Abil: Evoke Berserk Rag |       |     2 |       |       ||     2
Evoke: Wand              |       |       |     1 |       ||     1
  Use: Scroll            |       |    15 |     2 |     6 ||    23
       Potion            |       |     1 |       |       ||     1
  Eat: Chunk             |     2 |     6 |    14 |     2 ||    24
       Beef jerky        |       |     2 |       |       ||     2
       Bread ration      |       |     1 |       |       ||     1
